Map: [ESL] Alcyone

Players

Serral - Winner!

  • Race: Zerg Zerg
  • Spawn Location: 1:00

Clem

  • Race: Terran Terran
  • Spawn Location: 7:00

Event: ESL SC2 Masters 2023 Winter (Regional)

VOD

Have the link to the VOD?

Description

Time

  • Played on: Nov. 17, 2023, 11:23 a.m.
  • Length: 16:14

All games in this series

Show
View Real Time Build Order
Export as new Build Order

Serral Zerg - Winner!

Build Orders: Hatch First 

Get SALT Encoding   

  12  0:00  Drone  
  13  0:07  Drone  
  14  0:16  Overlord  
  14  0:21  Extractor  
  14  0:22  Drone  
  15  0:35  Drone  
  16  0:47  Hatchery  
  15  0:50  Drone  
  15  0:54  Drone  
  17  0:57  Drone  
  17  1:00  Extractor  
  17  1:13  Spawning Pool  
  17  1:17  Drone  
  17  1:20  Drone  
  18  1:26  Drone  
  19  1:37  Drone  
  20  1:47  Drone  
  21  1:59  Queen x2  
  21  2:01  Metabolic Boost  
  25  2:02  Zergling x2  
  25  2:03  Zergling x2  
  27  2:12  Drone, Overlord  
  28  2:32  Hatchery  
  28  2:35  Drone x3  
  29  2:38  Drone  
  30  2:45  Queen  
  30  2:50  Overlord  
  32  2:54  Drone x2  
  32  2:56  Drone  
  35  3:05  Overlord  
  35  3:10  Drone x4  
  39  3:14  Drone  
  39  3:17  Queen  
  39  3:19  Drone  
  43  3:25  Drone  
  44  3:28  Drone  
  44  3:31  Queen  
  47  3:40  Drone x2  
  49  3:42  Drone  
  49  3:43  Drone x2  
  49  3:48  Queen  
  53  3:50  Overlord  
  53  3:54  Zergling x4  
  57  3:57  Overlord  
  57  4:04  Overlord  
  57  4:05  Roach Warren  
  54  4:12  Zergling x4  
  54  4:13  Drone x5  
  54  4:16  Overlord  
  61  4:23  Zergling x2  
  62  4:24  Drone  
  62  4:31  Zergling x4  
  62  4:33  Overlord  
  62  4:36  Overlord  
  62  4:37  Drone x2  
  66  4:39  Drone  
  66  4:40  Drone x2  
  66  4:41  Spore Crawler  
  66  4:42  Drone  
  66  4:44  Overlord  
  69  4:47  Zergling x2  
  69  4:48  Lair  
  69  4:50  Extractor  
  69  4:53  Drone  
  69  4:57  Drone  
  69  4:59  Drone x2  
  73  5:01  Drone x2  
  73  5:03  Roach x3  
  81  5:11  Hatchery  
  81  5:12  Drone x6  
  86  5:18  Extractor x2, Drone  
  86  5:21  Overlord  
  85  5:22  Drone  
  85  5:28  Drone  
  85  5:33  Roach x2  
  85  5:35  Drone x3  
  92  5:40  Extractor  
  92  5:41  Extractor, Overlord  
  92  5:42  Evolution Chamber  
  89  5:43  Drone x2, Evolution Chamber  
  89  5:48  Glial Reconstitution  
  90  5:51  Drone x3  
  90  5:53  Drone x2  
  90  5:55  Drone  
  96  6:01  Drone x3  
  99  6:04  Overlord  
  99  6:05  Drone  
  99  6:07  Drone  
  99  6:08  Overseer  
  99  6:09  Overlord  
  99  6:11  Zerg Melee Weapons Level 1, Zerg Ground Armor Level 1  
  101  6:14  Infestation Pit  
  101  6:17  Roach x4  
  108  6:20  Overlord  
  108  6:22  Roach x3  
  114  6:28  Queen  
  116  6:35  Drone  
  116  6:36  Drone x4  
  116  6:37  Baneling Nest  
  116  6:39  Overlord  
  122  6:40  Drone x6  
  122  6:43  Overlord  
  122  6:46  Roach  
  128  6:48  Roach x3  
  128  6:52  Extractor  
  128  6:53  Overlord  
  132  6:55  Hive  
  132  6:56  Drone x3  
  135  7:01  Hatchery  
  135  7:02  Overlord  
  135  7:07  Zergling x2  
  135  7:08  Zergling x10  
  140  7:10  Ravager x3  
  140  7:14  Zergling x2  
  140  7:15  Zergling x12  
  150  7:20  Overlord  
  148  7:24  Zergling x6, Roach x2  
  155  7:33  Zergling x2, Centrifugal Hooks  
  155  7:34  Zergling x14  
  155  7:37  Overlord  
  162  7:47  Drone  
  162  7:50  Overlord  
  163  7:51  Spore Crawler  
  163  7:52  Zergling x16  
  163  7:55  Zergling x2  
  163  7:56  Hatchery  
  170  8:00  Zergling x8  
  170  8:02  Overlord  
  172  8:06  Drone x2  
  172  8:07  Viper x2  
  172  8:08  Adrenal Glands  
  172  8:10  Zerg Melee Weapons Level 2, Zerg Ground Armor Level 2  
  172  8:11  Baneling x8  
  172  8:12  Baneling x2  
  180  8:18  Zergling x20  
  185  8:25  Ultralisk Cavern  
  185  8:26  Drone x2  
  185  8:27  Drone  
  187  8:30  Baneling  
  187  8:31  Zergling x2, Baneling x5  
  187  8:32  Zergling x10  
  193  8:39  Drone  
  193  8:41  Overlord  
  194  8:42  Zergling x10  
  194  8:44  Baneling x11  
  194  8:48  Zergling x8, Drone  
  195  8:56  Zergling x8  
  195  8:57  Zergling x2  
  195  9:01  Overseer  
  195  9:14  Drone x3  
  195  9:16  Zergling x12  
  200  9:18  Baneling x7  
  200  9:19  Baneling x17  
  200  9:28  Hatchery  
  200  9:29  Spore Crawler  
  200  9:30  Spore Crawler  
  189  9:37  Baneling x4  
  189  9:38  Baneling x2  
  186  9:42  Zergling x30  
  196  9:48  Pneumatized Carapace, Overseer  
  196  9:49  Drone x3  
  197  9:53  Zergling x4  
  197  9:55  Chitinous Plating  
  199  10:04  Viper  
  197  10:07  Zergling x6  
  200  10:16  Spire  
  200  10:17  Extractor x2  
  200  10:18  Drone x3  
  200  10:19  Overlord  
  200  10:20  Overlord  
  200  10:25  Hatchery  
  199  10:31  Zerg Melee Weapons Level 3  
  199  10:35  Zergling x8  
  198  10:45  Zerg Ground Armor Level 3  
  198  10:50  Zergling x2  
  198  10:51  Zergling x2  
  199  11:01  Zergling x2  
  199  11:02  Zergling x16  
  199  11:03  Zergling x16  
  200  11:04  Zergling x2  
  199  11:14  Drone, Anabolic Synthesis  
  200  11:19  Burrow, Hydralisk Den  
  199  11:28  Drone  
  199  11:29  Spore Crawler  
  199  11:32  Zerg Flyer Weapons Level 1  
  198  11:44  Drone  
  199  11:52  Spore Crawler  
  188  12:00  Zergling x22  
  188  12:01  Zergling x10  
  190  12:08  Baneling x12  
  190  12:15  Grooved Spines  
  189  12:21  Zergling x18  
  189  12:22  Zergling x2  
  199  12:31  Overseer, Baneling x5  
  197  12:50  Infestor x2  
  181  12:51  Zergling x24  
  181  12:52  Zergling x8  
  181  12:58  Zergling x30, Ultralisk  
  198  13:05  Muscular Augments  
  185  13:06  Zergling x12, Ultralisk  
  185  13:07  Zergling x10  
  185  13:09  Zerg Missile Weapons Level 1  
  199  13:21  Baneling x14  
  199  13:22  Baneling x14  
  199  13:29  Hatchery  
  199  13:31  Zerg Flyer Weapons Level 2  
  195  13:42  Zergling x10  
  195  13:43  Baneling x5  
  195  13:44  Baneling x8  
  188  14:01  Zergling x18  
  188  14:02  Zergling x28  
  196  14:05  Zergling x18  
  183  14:19  Baneling x12  
  183  14:21  Zergling x6  
  183  14:22  Zergling x34  
  200  14:34  Baneling x12  
  199  14:51  Drone x3  
  199  14:52  Zergling x22  
  188  14:53  Zergling x22  
  188  14:59  Zergling x26  
  198  15:04  Zergling x20, Ultralisk  
  196  15:11  Zergling x6, Ultralisk  
  194  15:15  Zergling x12  
  194  15:16  Infestor  
  194  15:19  Zergling x4, Ultralisk  
  199  15:21  Baneling  
  199  15:22  Baneling x20  
  199  15:37  Baneling x4  
  199  15:38  Baneling x2  
  199  15:50  Unknown  
  199  15:54  Zergling x12  
Show
View Real Time Build Order
Export as new Build Order

Clem Terran 

Build Orders: Liberator Opening, Reaper Expand 

Get SALT Encoding   

  12  0:00  SCV  
  13  0:12  SCV  
  14  0:16  Supply Depot  
  14  0:24  SCV  
  15  0:38  SCV  
  15  0:39  Barracks  
  16  0:43  Refinery  
  16  0:50  SCV  
  17  1:03  SCV  
  18  1:15  SCV  
  19  1:26  Reaper  
  19  1:27  Orbital Command  
  20  1:38  Command Center  
  20  1:46  Supply Depot  
  20  1:52  SCV  
  21  1:58  Marine  
  22  2:05  SCV  
  23  2:09  Factory  
  23  2:17  SCV  
  23  2:19  Barracks Reactor  
  24  2:29  SCV  
  25  2:38  Command Center  
  25  2:41  SCV  
  26  2:51  Orbital Command  
  26  2:53  SCV  
  27  2:58  Starport  
  27  3:05  Hellion  
  29  3:06  SCV  
  29  3:10  Hellion  
  32  3:12  Barracks Tech Lab  
  32  3:18  SCV x2  
  34  3:20  Refinery  
  34  3:30  SCV x2  
  34  3:33  Hellion  
  37  3:42  SCV x2  
  37  3:47  Hellion  
  41  3:49  Liberator  
  41  3:52  Orbital Command  
  41  3:54  SCV x2  
  46  3:59  Hellion  
  46  4:02  Marine  
  49  4:06  SCV  
  49  4:07  SCV  
  51  4:14  Supply Depot  
  51  4:16  Hellion  
  53  4:18  SCV  
  53  4:19  SCV  
  53  4:20  SCV  
  56  4:28  Stimpack  
  56  4:30  SCV  
  56  4:31  SCV  
  57  4:33  SCV  
  57  4:35  Starport Reactor  
  58  4:39  Supply Depot  
  58  4:42  SCV  
  58  4:43  SCV  
  60  4:46  Barracks  
  60  4:47  Barracks  
  60  4:48  SCV  
  60  4:50  Factory Reactor  
  62  4:54  SCV  
  62  4:56  SCV, Engineering Bay  
  64  5:00  SCV  
  64  5:01  Marine, Engineering Bay  
  64  5:02  Factory Tech Lab  
  64  5:06  Supply Depot, SCV  
  66  5:08  SCV  
  66  5:12  Refinery  
  66  5:13  SCV, Refinery  
  66  5:18  SCV  
  66  5:19  Starport Reactor, Marine  
  68  5:22  SCV  
  68  5:24  Siege Tank  
  68  5:28  Supply Depot, SCV, Engineering Bay x2  
  73  5:31  SCV  
  73  5:34  SCV  
  75  5:37  Marine  
  75  5:40  Orbital Command  
  76  5:43  SCV, Marine  
  76  5:44  Marine  
  76  5:47  SCV  
  80  5:52  Marine  
  80  5:53  Terran Infantry Weapons Level 1, Terran Infantry Armor Level 1  
  80  5:54  Marine  
  82  5:57  Barracks x2  
  82  5:58  Marine  
  82  6:02  Supply Depot, SCV  
  82  6:04  SCV  
  85  6:05  Marine x2  
  85  6:07  SCV  
  85  6:08  Siege Tank  
  91  6:12  Medivac  
  91  6:15  Supply Depot  
  93  6:24  Supply Depot, Medivac, Marine x3, SCV x2  
  93  6:25  Marine  
  101  6:27  Supply Depot  
  101  6:36  Marine  
  101  6:37  SCV x3  
  101  6:38  Refinery  
  105  6:40  Supply Depot  
  105  6:42  Marine x3  
  105  6:43  Refinery  
  108  6:47  Barracks Reactor  
  108  6:48  Barracks Reactor  
  108  6:49  SCV x3, Marine  
  108  6:50  Supply Depot  
  108  6:53  Siege Tank  
  115  6:54  Marine  
  115  6:59  Armory  
  115  7:01  SCV x2  
  118  7:03  Factory, Supply Depot  
  118  7:07  Marine, SCV  
  120  7:10  Medivac x2  
  120  7:11  Combat Shield  
  120  7:13  Marine x2  
  126  7:16  Marine  
  126  7:18  Marine  
  126  7:20  Supply Depot  
  128  7:25  Marine  
  128  7:28  Marine  
  130  7:30  Command Center, Marine x2, Supply Depot  
  130  7:31  Marine x3  
  130  7:40  Medivac x2  
  130  7:41  Marine x2  
  130  7:43  Marine  
  137  7:48  Terran Infantry Weapons Level 2  
  137  7:49  Terran Vehicle Weapons Level 1  
  137  7:50  Factory Tech Lab  
  137  7:52  Marine  
  137  7:53  Marine x3  
  137  7:54  Marine  
  137  7:55  Marine  
  137  7:56  SCV x2  
  137  7:57  SCV  
  146  7:59  Marine  
  146  8:02  Marine  
  146  8:04  Marine  
  147  8:07  Terran Infantry Armor Level 2  
  147  8:10  Marine x3, Medivac  
  147  8:11  Siege Tank, Marine  
  147  8:12  Supply Depot  
  144  8:15  Supply Depot  
  144  8:17  Siege Tank  
  144  8:18  Marine x3  
  146  8:20  Marine  
  146  8:21  Marine  
  148  8:28  Marine  
  148  8:30  Barracks, Drilling Claws  
  148  8:32  Barracks  
  148  8:33  Barracks  
  149  8:35  SCV  
  149  8:37  SCV  
  151  8:43  SCV  
  151  8:44  Marine x2  
  151  8:47  Sensor Tower  
  152  8:49  Marine  
  152  8:51  SCV x2, Widow Mine  
  152  8:52  Marine x2  
  152  8:55  SCV  
  153  8:56  Marine, Medivac  
  153  8:57  Widow Mine  
  153  8:58  Marine  
  153  9:01  Liberator, Marauder  
  164  9:03  SCV  
  164  9:06  Marine x3  
  168  9:13  Marine x2  
  168  9:14  SCV, Marine  
  168  9:15  SCV  
  153  9:17  SCV  
  153  9:18  Widow Mine  
  153  9:19  Barracks Tech Lab  
  153  9:20  Barracks Tech Lab x2  
  156  9:25  Siege Tank, Marine x2  
  156  9:26  Liberator  
  156  9:31  Marine  
  162  9:32  Marine  
  162  9:34  SCV  
  165  9:40  Marauder x3  
  165  9:41  Marine x2, Marauder  
  165  9:43  Widow Mine  
  165  9:44  SCV  
  178  9:46  Marine  
  178  9:47  Marine  
  178  9:49  Planetary Fortress  
  175  9:58  Sensor Tower, Refinery x2  
  175  10:00  Command Center  
  175  10:01  Marauder  
  175  10:02  Marauder  
  175  10:05  Marauder  
  180  10:07  Cyclone  
  180  10:09  Marauder  
  180  10:11  Terran Infantry Weapons Level 3  
  184  10:23  Marauder x2  
  184  10:24  Command Center  
  184  10:25  Starport  
  184  10:26  Marauder  
  184  10:27  Terran Infantry Armor Level 3  
  190  10:32  Ghost Academy  
  189  10:45  Marauder, Marine  
  189  10:46  Liberator  
  189  10:47  Marauder  
  195  10:51  Terran Vehicle And Ship Armor Level 1  
  195  10:52  Marauder  
  195  10:55  Marauder  
  199  11:03  SCV x3  
  196  11:09  Starport Reactor  
  196  11:11  Ghost, SCV  
  196  11:14  Supply Depot  
  199  11:25  Command Center  
  199  11:26  Missile Turret  
  199  11:32  Command Center  
  199  11:39  Personal Cloaking  
  199  11:45  Fusion Core  
  199  11:50  Widow Mine  
  199  11:51  Ghost  
  199  11:52  Widow Mine  
  199  11:55  Liberator, Ghost  
  199  11:56  Ghost  
  199  12:00  Widow Mine  
  190  12:02  Medivac  
  190  12:07  Liberator x2  
  198  12:10  Sensor Tower  
  198  12:12  Widow Mine, Marine  
  200  12:25  Planetary Fortress  
  200  12:36  Hi-Sec Auto Tracking, Neosteel Armor  
  200  12:37  Refinery  
  200  12:41  Command Center  
  200  12:42  Command Center  
  200  12:44  Widow Mine  
  199  12:45  Refinery  
  199  12:48  Widow Mine  
  199  12:49  Liberator x2  
  191  12:52  Ghost, Widow Mine  
  191  12:54  Medivac  
  191  12:57  Marine x2  
  164  12:59  Ghost, SCV x2  
  164  13:02  Marine  
  164  13:04  SCV  
  164  13:05  Widow Mine, SCV  
  151  13:06  SCV  
  151  13:07  SCV  
  151  13:09  Widow Mine  
  151  13:10  Orbital Command  
  151  13:11  SCV  
  151  13:12  SCV  
  157  13:13  Sensor Tower  
  157  13:14  Missile Turret  
  157  13:16  Widow Mine  
  157  13:17  SCV  
  157  13:19  Liberator  
  163  13:20  SCV x2  
  163  13:22  Advanced Ballistics  
  163  13:23  Terran Vehicle And Ship Armor Level 2  
  163  13:25  SCV x2  
  168  13:29  SCV  
  168  13:33  Marine, Widow Mine  
  171  13:40  SCV  
  160  13:42  Liberator x2, Widow Mine  
  160  13:45  SCV  
  160  13:47  Marauder  
  171  13:49  SCV  
  172  13:58  Marauder  
  158  14:07  Sensor Tower, Marauder  
  158  14:08  Missile Turret  
  156  14:11  Liberator  
  156  14:16  SCV x3  
  151  14:18  SCV  
  151  14:22  Marauder  
  153  14:24  Orbital Command  
  153  14:25  Planetary Fortress  
  153  14:27  Widow Mine  
  153  14:28  SCV x2  
  155  14:33  Ghost  
  155  14:36  Widow Mine x2  
  161  14:39  SCV  
  161  14:42  SCV  
  162  14:46  Marauder  
  162  14:48  Widow Mine  
  162  14:51  Liberator  
  151  14:53  Marauder  
  151  14:57  Marauder  
  147  15:00  Marine, Widow Mine  
  147  15:04  Liberator  
  135  15:07  Marine, Widow Mine  
  135  15:08  Marine  
  120  15:15  SCV x2  
  120  15:16  SCV x2  
  120  15:17  Marine  
  120  15:19  Marine  
  124  15:23  SCV  
  124  15:28  SCV  
  124  15:33  Marauder  
  124  15:34  Marine  
  124  15:35  Marine, SCV  
  131  15:44  SCV  
  131  15:45  Widow Mine  
  131  15:46  Marine  
  131  15:47  Marine x2  
  131  15:49  Marine  
  140  15:50  Marine  
Tags
 
Add a new tag
Caveats
  • Supply blocks, unpowered buildings, or Contaminate may cause inaccurate times.
  • Supply counts are checked every 10 seconds.